 Dungeon Crawl Stone Soup version 0.25-a0-341-g6f074c887a (webtiles) character file.

Game seed: 10429977102482063235, levelgen mode: deterministic

578 Essalna the Magician (level 7, -2/36 HPs)
             Began as a Deep Elf Earth Elementalist on Dec 30, 2019.
             Shot with an arrow by a centaur (11 damage)
             ... on level 5 of the Dungeon.
             The game lasted 00:15:51 (5349 turns).

Essalna the Magician (Deep Elf Earth Elementalist)  Turns: 5349, Time: 00:15:52

Health: -2/36      AC:  2    Str:  5    XL:     7   Next: 13%
Magic:  11/20      EV: 13    Int: 22    God:
Gold:   174        SH:  0    Dex: 15    Spells: 17/21 levels left

rFire    . . .     SeeInvis .   i - +4 whip (flame)
rCold    . . .     Gourm    .   (no shield)
rNeg     . . .     Faith    .   c - +0 robe
rPois    .         Spirit   .   (no helmet)
rElec    .         Reflect  .   (no cloak)
rCorr    .         Harm     .   (no gloves)
MR       .....                  (no boots)
Stlth    +++.......             (no amulet)
HPRegen  0.12/turn              k - ring of stealth
MPRegen  0.17/turn              (no ring)

@: no status effects
A: no striking features
a: no special abilities


You were on level 5 of the Dungeon.
You were not hungry.

You visited 1 branch of the dungeon, and saw 5 of its levels.

You collected 174 gold pieces.

Inventory:

Hand Weapons
 a - a +0 dagger
 i - a +4 whip of flaming (weapon)
 q - a cursed -1 dagger
Missiles
 r - 33 stones (quivered)
Armour
 c - a +0 robe (worn)
 j - a +2 shield
Jewellery
 k - a ring of stealth (left hand)
 o - a cursed ring of attention {unknown}
Scrolls
 f - 3 scrolls of remove curse {unknown}
 h - 2 scrolls of identify {unknown}
 l - 2 scrolls of amnesia {unknown}
 n - a scroll of noise {unknown}
 p - a scroll of immolation {unknown}
Potions
 e - a potion of magic {unknown}
 g - 4 potions of curing
 m - a potion of might {unknown}
 s - a potion of degeneration {unknown}
 t - a potion of cancellation {unknown}
 u - a potion of mutation {unknown}
Comestibles
 b - 5 chunks of flesh
 d - 4 rations


   Skills:
 - Level 2.4 Dodging
 - Level 2.4 Stealth
 + Level 7.7 Spellcasting
   Level 1.1 Transmutations
 + Level 6.8 Earth Magic


You had 17 spell levels left.
You knew the following spells:

 Your Spells              Type           Power        Failure   Level  Hunger
a - Sandblast             Erth           #####.       1%          1    None
b - Stone Arrow           Conj/Erth      ###...       6%          3    None

Your spell library contained the following spells:

 Spells                   Type           Power        Failure   Level  Hunger
 Passwall                 Tmut/Erth      ####....     2%          2    None
 Magic Dart               Conj           #...         8%          1    None
 Searing Ray              Conj           #.....       12%         2    None
 Lee's Rapid Deconstruct  Erth           #####.....   13%         5    #####..
 Petrify                  Tmut/Erth      ####....     16%         4    ###....
 Dazzling Flash           Conj/Hex       #.....       22%         3    None
 Fulminant Prism          Conj/Hex       #.........   58%         4    ###....
 Iskenderun's Mystic Bla  Conj/Tloc      #.......     58%         4    ###....


Dungeon Overview and Level Annotations

Branches:
Dungeon (5/15)
 Temple: D:4-7

Altars:
Elyvilon
Trog
Xom


Message History

Casting: Stone Arrow (safe; 6% risk of failure)
Confirm with . or Enter, or press ? or * to list all spells.
Aiming: Stone Arrow (safe; 6% risk of failure)
Press: ? - help, Shift-Dir - straight line, f/p - centaur
Aim: a centaur, wielding a +0 shortbow and quivering 5 arrows (moderately wounded)
The stone arrow hits the centaur.
The centaur is heavily wounded.
You hear a shout! x2
The centaur shoots an arrow.
The arrow barely misses you.
The centaur shoots an arrow.
The arrow hits you!
* * * LOW HITPOINT WARNING * * *
Casting: Stone Arrow (safe; 6% risk of failure)
Confirm with . or Enter, or press ? or * to list all spells.
Aiming: Stone Arrow (safe; 6% risk of failure)
Press: ? - help, Shift-Dir - straight line, f/p - centaur
Aim: a centaur, wielding a +0 shortbow and quivering 3 arrows (heavily wounded)
The stone arrow hits the centaur!
The centaur is almost dead.
The centaur shoots an arrow.
The arrow hits you!
You die...

.. # ...# #. #...# #o#
#...# ... #...#
#.######...#####.
#.##...............(
#.c...@(?..........
#.##...>.<.........
#.######...#### ...
#...# ...# ####...#
##. ##......# .
#.......#
########.......######
##.)<................#


You could see a centaur and an orc.

Vanquished Creatures
  Duvessa (D:4)
  An ice beast (D:4)
  Dowan (D:3)
  2 jellies (D:4)
  A worker ant (D:4)
  An orc wizard (D:4)
  6 adders
  6 gnolls
  A shadow imp (D:5)
  4 oozes
  2 worms
  3 dart slugs
  2 leopard geckos (D:4)
  3 orcs
  7 bats
  10 giant cockroaches
  5 goblins (D:1)
  10 hobgoblins
  An iguana (D:4)
  2 jackals (D:1)
  A quokka (D:4)
  2 ball pythons (D:1)
  7 frilled lizards
  A leopard gecko skeleton (D:4)
  6 rats
86 creatures vanquished.

Notes
Turn   | Place    | Note
-------+----------+-------------------------------------------
     0 | D:1      | Essalna the Deep Elf Earth Elementalist began the quest for
                  | the Orb.
     0 | D:1      | Reached XP level 1. HP: 10/10 MP: 6/6
   317 | D:1      | Reached XP level 2. HP: 14/15 MP: 6/8
   477 | D:1      | Reached skill level 4 in Spellcasting
   563 | D:1      | Reached XP level 3. HP: 19/19 MP: 10/10
   962 | D:2      | Reached XP level 4. HP: 22/24 MP: 7/12
  1655 | D:2      | Found a white marble altar of Elyvilon.
  2007 | D:2      | Reached skill level 5 in Spellcasting
  2973 | D:3      | Reached skill level 5 in Earth Magic
  3135 | D:4      | Reached XP level 5. HP: 28/28 MP: 12/15
  3139 | D:4      | Found a shimmering altar of Xom.
  3180 | D:4      | Noticed an ice beast
  3202 | D:4      | Killed an ice beast
  3202 | D:4      | Reached skill level 6 in Spellcasting
  3202 | D:4      | Reached XP level 6. HP: 5/32 MP: 9/17
  3577 | D:4      | Learned a level 3 spell: Stone Arrow
  4131 | D:4      | Noticed Duvessa
  4133 | D:4      | Noticed Dowan
  4238 | D:5      | Entered Level 5 of the Dungeon
  4683 | D:4      | Killed Duvessa
  4683 | D:4      | Reached skill level 7 in Spellcasting
  4955 | D:3      | Killed Dowan
  4955 | D:3      | Reached XP level 7. HP: 29/36 MP: 9/19
  4979 | D:4      | Found a bloodstained altar of Trog.
  5349 | D:5      | Shot with an arrow by a centaur

Levels and vault maps discovered:
D:1:      dpeg_arrival_snail, layout_loops_corners
D:2:      layout_basic, lemuel_doored_altar, wad_floor_pattern_1
D:3:      layout_basic, first_ration
D:4:      layout_basic, lightli_temple_of_fire, dk_xom_monty_hall, uniq_duvessa
D:5:      layout_loops_cross, kennysheep_mini, minmay_temple_entry_large_hall,
          serial_shops, nicolae_shop_behind_doors

Skill      XL: |  1  2  3  4  5  6 |
---------------+-------------------+-----
Spellcasting   | 4 5 6 7 |  7.7
Earth Magic    | 4 5 6 |  6.8
Dodging        | |  2.4
Stealth        | |  2.4
Transmutations | |  1.1

Action                   |  1- 3 |  4- 6 |  7- 9 || total
-------------------------+-------+-------+-------++-------
Melee: Dagger            |    19 |       |       ||    19
       Whip              |    36 |    70 |       ||   106
 Cast: Sandblast         |    18 |    27 |       ||    45
       Stone Arrow       |       |    27 |    14 ||    41
Evoke: Wand              |       |     7 |       ||     7
 Stab: Sleeping          |     5 |    11 |       ||    16
  Eat: Chunk             |       |     7 |       ||     7
       Ration            |       |     2 |       ||     2
Armor: Robe              |    13 |    12 |       ||    25
Dodge: Dodged            |    44 |    58 |     1 ||   103

Table legend:
 A = Non-vault XP
 B = Vault XP
 C = Vault XP percentage of total XP
 D = Non-vault monster count
 E = Vault monster count
 F = Vault count percentage of total count
                 A         B        C        D         E       F
            +---------+---------+-------+---------+---------+-------
      Total |     516 |     311 |  37.6 |      81 |       5 |   5.8
            +---------+---------+-------+---------+---------+-------
        D:1 |      64 |       0 |   0.0 |      29 |       0 |   0.0
        D:2 |      82 |       0 |   0.0 |      17 |       0 |   0.0
        D:3 |      47 |      81 |  63.3 |      14 |       1 |   6.7
        D:4 |     283 |     230 |  44.8 |      18 |       4 |  18.2
        D:5 |      40 |       0 |   0.0 |       3 |       0 |   0.0
            +---------+---------+-------+---------+---------+-------
